 Dungeon Crawl Stone Soup version 0.30-a0-1066-g63dfefce0d (webtiles) character file.

Game seed: 8336477750271639532

8199 vineage the Fighter (level 11, -6/80 HPs)
             Began as a Gargoyle Fighter on Apr 12, 2023.
             Was a High Priest of Okawaru.
             Mangled by a wight
             ... wielding a +3 flail
              (8 damage)
             ... on level 9 of the Dungeon.
             The game lasted 00:10:43 (7806 turns).

vineage the Fighter (Gargoyle Fighter)              Turns: 7806, Time: 00:10:44

Health: -6/80      AC: 29    Str: 24    XL:     11   Next: 27%
Magic:  11/11      EV:  7    Int: 12    God:    Okawaru [*****.]
Gold:   77         SH:  7    Dex: 15    Spells: 10/10 levels left

rFire   . . .      SeeInvis .    t - +9 falchion of Gallantry {flame, rElec Int+3}
rCold   + . .      Faith    .    w - +1 buckler {AC+3}
rNeg    + . .      Spirit   .    n - +0 plate armour
rPois   ∞          Reflect  .    (no helmet)
rElec   +          Rampage  .    y - +2 cloak
rCorr   .                        (no gloves)
Will    .....                    v - +0 pair of boots Stlth
                                 b - amulet of magic regeneration
HPRegen 0.33/turn                r - ring of protection from cold
MPRegen 0.52/turn                C - +6 ring of dexterity

@: no status effects
A: sickness immunity, AC +8, negative energy resistance 1, electricity
resistance, torment resistance 1, petrification resistance
a: Renounce Religion, Heroism, Finesse, Duel


You were on level 9 of the Dungeon.
You worshipped Okawaru.
Okawaru was extremely pleased with you.
You visited 2 branches of the dungeon, and saw 10 of its levels.

You collected 473 gold pieces.
You spent 396 gold pieces at shops.

Inventory:

Hand Weapons
 a - a +0 flail
 h - a +2 whip of draining
 t - the +9 falchion of Gallantry (weapon) {flame, rElec Int+3}
   (You found it on level 5 of the Dungeon)

   Int:       It affects your intelligence (+3).
   rElec:     It insulates you from electricity.
Armour
 n - a +0 plate armour (worn)
 v - a +0 pair of boots (worn)
 w - a +1 buckler of protection (worn)
 y - a +2 cloak (worn)
Jewellery
 b - an amulet of magic regeneration (around neck)
 c - a ring of willpower
 m - a ring of wizardry
 r - a ring of protection from cold (left hand)
 C - a +6 ring of dexterity (right hand)
 G - a ring of willpower
Wands
 q - a wand of roots (12)
 u - a wand of mindburst (13)
 B - a wand of polymorph (12)
 E - a wand of quicksilver (6)
Scrolls
 i - 3 scrolls of fear
 s - a scroll of amnesia {unknown}
 x - a scroll of magic mapping
 D - 5 scrolls of identify
 H - a scroll of poison {unknown}
 I - a scroll of enchant armour
 J - a scroll of blinking {unknown}
Potions
 d - 2 potions of might
 e - 3 potions of invisibility
 f - 8 potions of heal wounds
 g - 3 potions of curing
 j - 4 potions of brilliance
 k - a potion of ambrosia
 l - a potion of attraction {unknown}
 o - 2 potions of mutation {unknown}
 p - 2 potions of flight {unknown}
 z - a potion of haste {unknown}
 A - a potion of lignification {unknown}
 F - a potion of berserk rage {unknown}


   Skills:
 * Level 14.0 Fighting
 * Level 4.4 Long Blades
 - Level 2.0 Maces & Flails
 + Level 8.8 Armour
 + Level 8.8 Shields


You had 10 spell levels left.
You didn't know any spells.
Your spell library contained the following spells:

 Spells                   Type           Power      Damage    Failure   Level
 Freeze                   Ice            0%         1d3       99%         1
 Frozen Ramparts          Ice            0%         1d1       100%        3
 Hailstorm                Conj/Ice       0%         3d3       100%        3
 Petrify                  Tmut/Erth      0%         N/A       100%        4
 Irradiate                Conj/Tmut      0%         3d11      100%        5
 Sublimation of Blood     Necr           Unusable   N/A       N/A         2

Dungeon Overview and Level Annotations

Branches:
Dungeon (9/15)             Temple (1/1) D:6            Lair (0/5) D:9
    Orc: D:9-12

Altars:
Ashenzari
Cheibriados
Dithmenos
Elyvilon
Fedhas
Hepliaklqana
Kikubaaqudgha
Makhleb
Nemelex Xobeh
Okawaru
Qazlal
Ru
Sif Muna
Trog
Uskayaw
Vehumet
Wu Jian
Xom
Yredelemnul
Zin
The Shining One

Shops:
D:3 !   D:7 ?[*


Innate Abilities, Weirdness & Mutations

You are immune to sickness and miasma.
Your stone body is resilient. (AC +8)
You are immune to poison.
You resist negative energy. (rN+)
You are resistant to electric shocks. (rElec)
You are resistant to unholy torment.
You are immune to petrification.


Message History

The acid dragon is almost dead.
The acid dragon barely misses you.
The acid dragon claws you but does no damage.
The orc warrior hits you but does no damage.
You hit the acid dragon. You burn the acid dragon.
You kill the acid dragon!
Okawaru accepts your kill.
The acid dragon scales are intact enough to wear.
You block the orc warrior's attack.
You hear some strange, mumbled words.
You are confused.
The orc warrior hits you from afar with a +0 glaive!
A magic dart appears from out of thin air!
The magic dart hits you.
You are too injured to fight recklessly!
The orc warrior hits you but does no damage.
Something hits you but does no damage.
Things that are here:
+0 acid dragon scales; a +0 club; an acid dragon corpse
Okay, then.
You barely miss the orc warrior.
The orc warrior hits you but does no damage.
Something hits you but does no damage.
You hit the orc warrior. You burn the orc warrior.
The orc warrior is moderately wounded.
The orc warrior hits you but does no damage.
Something hits you but does no damage.
The orc warrior attacks as you move away!
The orc warrior hits you with a +0 glaive!
* * * LOW HITPOINT WARNING * * *
The orc warrior hits you from afar with a +0 glaive!
* * * LOW HITPOINT WARNING * * *
You see here a yak corpse.
You miss something. The orc warrior closely misses you.
You miss the wight.
You feel less confused.
The orc warrior hits you from afar with a +0 glaive!
* * * LOW HITPOINT WARNING * * *
Something hits you but does no damage. The wight hits you with a +3 flail!
You die...

.###..# #...####.#
.###..+ #........#
......# #####........#
...............†.....#
.....................#
.....................#
######...............#
.....##.......#
.......!@....#
#######z####.#
......o.# .# ......#..
# ......#.$. #+###
#.... ....## ....#
....#


You could see an orc warrior and a wight.

Vanquished Creatures
  A two-headed ogre (D:9)
  Pikel (D:7)
  The ghost of Arcadio the Carver, a novice BaRe of Fedhas (D:7)
  Joseph (D:7)
  The ghost of Sermion the Chopper, a novice DsFi of Trog (D:6)
  A kobold demonologist (D:8)
  A shadow (D:9)
  A vampire (D:9)
  10 yaks
  A wyvern (D:9)
  A steam dragon (D:9)
  A vampire mosquito (D:6)
  An acid dragon (D:9)
  2 water moccasins
  4 black bears
  5 ice beasts
  An ogre (D:5)
  3 centaurs
  A lemure (D:7)
  A phantom (D:7)
  8 bullfrogs
  2 gnoll sergeants
  2 scorpions (D:4)
  6 wights
  6 killer bees (D:6)
  2 howler monkeys (D:8)
  2 orc priests (D:4)
  5 quasits (D:7)
  7 hounds
  2 jellies
  Crazy Yiuf (D:7)
  2 iguanas
  An orc wizard (D:7)
  4 gnolls
  7 adders
  2 shadow imps
  A white imp (D:5)
  An ufetubus (D:6)
  3 worms (D:2)
  6 dart slugs
  19 orcs
  7 ball pythons
  6 bats
  10 endoplasms
  3 giant cockroaches
  10 goblins
  7 hobgoblins
  3 jackals (D:2)
  8 kobolds
  5 quokkas
  4 frilled lizards
  6 rats
197 creatures vanquished.

Vanquished Creatures (others)
  44 fungi (D:9)
  30 plants (D:9)
74 creatures vanquished.

Grand Total: 271 creatures vanquished

Notes
Turn   | Place    | Note
-------+----------+-------------------------------------------
     0 | D:1      | vineage the Gargoyle Fighter began the quest for the Orb.
     0 | D:1      | Reached XP level 1. HP: 14/14 MP: 1/1
   147 | D:1      | Reached XP level 2. HP: 15/20 MP: 2/2
   156 | D:1      | Reached skill level 4 in Fighting
   695 | D:1      | Reached XP level 3. HP: 24/24 MP: 3/3
   799 | D:1      | Reached skill level 5 in Fighting
  1076 | D:2      | Reached XP level 4. HP: 30/31 MP: 4/4
  1860 | D:3      | Found Covicaoz's Distillery.
  1872 | D:3      | Reached skill level 6 in Fighting
  2094 | D:3      | Reached XP level 5. HP: 25/36 MP: 5/5
  2187 | D:3      | Bought a potion of might for 52 gold pieces
  2187 | D:3      | Bought a potion of heal wounds for 65 gold pieces
  2476 | D:4      | Reached skill level 7 in Fighting
  2563 | D:4      | Reached XP level 6. HP: 44/44 MP: 6/6
  2773 | D:4      | Reached skill level 8 in Fighting
  3063 | D:5      | Entered Level 5 of the Dungeon
  3084 | D:5      | Identified the +9 falchion of Gallantry {flame, rElec
                  | Int+3}
  3178 | D:5      | Reached XP level 7. HP: 50/50 MP: 7/7
  3946 | D:6      | Reached skill level 9 in Fighting
  4295 | D:6      | Found a hazy altar of Hepliaklqana.
  4300 | D:6      | Reached XP level 8. HP: 56/56 MP: 8/8
  4350 | D:6      | Found a staircase to the Ecumenical Temple.
  4491 | Temple   | Entered the Ecumenical Temple
  4569 | Temple   | Became a worshipper of Warmaster Okawaru
  4619 | D:6      | Noticed Sermion's ghost (novice DsFi)
  4654 | D:6      | Reached skill level 10 in Fighting
  4654 | D:6      | Reached skill level 5 in Armour
  4654 | D:6      | Reached skill level 5 in Shields
  4873 | D:6      | Found a transporter.
  4878 | D:6      | Found a transporter.
  4957 | D:7      | Reached * piety under Okawaru
  5043 | D:7      | Found Duesmuh's General Store.
  5062 | D:7      | Found Ystal's Magic Scroll Shop.
  5069 | D:7      | Reached XP level 9. HP: 63/63 MP: 9/9
  5123 | D:7      | Noticed Joseph
  5138 | D:7      | Killed Joseph
  5138 | D:7      | Reached ** piety under Okawaru
  5139 | D:7      | Reached skill level 11 in Fighting
  5289 | D:7      | Found a transporter.
  5309 | D:7      | Noticed Arcadio's ghost (novice BaRe)
  5317 | D:7      | Noticed Pikel
  5347 | D:7      | Killed Pikel
  5536 | D:7      | Found a transporter.
  5705 | D:7      | Found Doab's Antique Armour Emporium.
  5727 | D:7      | Found a runed translucent door.
  5728 | D:7      | Noticed Crazy Yiuf
  5859 | D:7      | Killed Crazy Yiuf
  5892 | D:7      | Bought a faintly glowing scale mail for 279 gold pieces
  5892 | D:7      | Identified the +0 scale mail "Aphuq" {Dex+3} (You bought it
                  | in a shop on level 7 of the Dungeon)
  5990 | D:6      | Reached skill level 12 in Fighting
  5992 | D:6      | Reached *** piety under Okawaru
  6006 | D:6      | Killed Sermion's ghost
  6007 | D:6      | Reached XP level 10. HP: 15/72 MP: 10/10
  6300 | D:7      | Killed Arcadio's ghost
  6498 | D:8      | Noticed a kobold demonologist
  6510 | D:8      | Reached skill level 13 in Fighting
  6522 | D:8      | Reached **** piety under Okawaru
  6523 | D:8      | Reached skill level 1 in Long Blades
  6523 | D:8      | Noticed a smoke demon
  6524 | D:8      | Noticed a smoke demon
  6545 | D:8      | Killed a kobold demonologist
  7302 | D:9      | Found a glowing golden altar of the Shining One.
  7304 | D:9      | Found a staircase to the Lair.
  7365 | D:9      | Received a gift from Okawaru
  7366 | D:9      | Noticed a two-headed ogre
  7376 | D:9      | Killed a two-headed ogre
  7377 | D:9      | Reached XP level 11. HP: 39/79 MP: 11/11
  7788 | D:9      | Reached ***** piety under Okawaru
  7789 | D:9      | Reached skill level 14 in Fighting
  7806 | D:9      | HP: 2/80 [orc warrior/+0 glaive (16)]
  7806 | D:9      | Mangled by a wight

Illustrated notes

Levels and vault maps discovered:
D:1:      elethiomel_arrival_maze, layout_basic
D:2:      wad_crossroads, layout_basic
D:3:      layout_basic, serial_shops, nicolae_shop_window_shopping,
          reono_crystal_passage, minmay_stone_trees_large
D:4:      layout_cave_pools
D:5:      layout_basic
D:6:      layout_loops_corners, old_standard_altar, minmay_temple_entry_glass,
          gammafunk_ghost_arena, nicolae_kite_square_tiling_tiny
D:7:      layout_cave_pools, gammafunk_ghost_stat_death, serial_shops,
          nicolae_shop_stone, kennysheep_little_box, nicolae_shop_hallway_plus,
          serial_park, serial_park_square1 [serial_park_minivault_5x5_5],
          serial_park_gazebo [serial_park_minivault_5x5_1], serial_park_tiny_2,
          serial_park_avenue1, chequers_serial_rivers_small_3,
          minmay_misc_feat_iff, uniq_joseph, uniq_crazy_yiuf_cottage, uniq_pikel
D:8:      layout_rooms
D:9:      layout_stronghold, overflow_temple_1_default,
          due_lair_maze_entry_diamond, corexii_checkpoint_a
Temple:   nicolae_temple_bog_church

Skill      XL: |  1  2  3  4  5  6  7  8  9 10 11 |
---------------+----------------------------------+-----
Fighting       | 4 5 6 7 8 9 10 12 13 14 | 14.0
Armour         | 4 5 7 8 |  8.8
Shields        | 4 5 7 8 |  8.8
Long Blades    | 3 4 |  4.4
Maces & Flails | |  2.0

Action                     |  1- 3 |  4- 6 |  7- 9 | 10-12 || total
---------------------------+-------+-------+-------+-------++-------
  Melee: Flail             |    55 |       |       |       ||    55
         Whip              |    56 |   182 |       |       ||   238
         Falchion          |       |     3 |   190 |   218 ||   411
 Invoke: Heroism           |       |       |     2 |     4 ||     6
    Use: Scroll            |     2 |     5 |     6 |     1 ||    14
 Armour: Scale mail        |    83 |    30 |       |       ||   113
         Plate armour      |       |    66 |   199 |   367 ||   632
  Dodge: Dodged            |    60 |    38 |    80 |   153 ||   331
  Block: Buckler           |    22 |    34 |    85 |   140 ||   281

Table legend: (Time is in decaauts)
 A = Elapsed time spent in this place.
 B = Non-inter-level travel time spent in this place.
 C = Inter-level travel time spent in this place.
 D = Time resting spent in this place.
 E = Time spent auto-exploring this place.
 F = Levels seen in this place.
 G = Mean time per level.
                   A        B        C        D        E       F      G
               +--------+--------+--------+--------+--------+-----+--------+
         Total |   7947 |   7553 |    394 |    456 |   5527 |  10 |  794.7 |
       Dungeon |   7853 |   7485 |    368 |    456 |   5473 |   9 |  872.6 |
        Temple |     94 |     68 |     26 |      0 |     53 |   1 |   94.0 |
               +--------+--------+--------+--------+--------+-----+--------+

Top non-repeatable levels by time:
     D:6: 1310 daAuts
     D:7: 1120 daAuts
     D:1: 1070 daAuts
     D:5: 822 daAuts
     D:4: 790 daAuts
     D:8: 782 daAuts
     D:9: 727 daAuts
     D:2: 674 daAuts
     D:3: 556 daAuts
  Temple: 94 daAuts
